Map: Central Protocol

Players

Geno - Winner!

  • Race: Terran Terran
  • League: Bronze

Miltreta

  • Race: Terran Terran
  • League: Bronze

VOD

Have the link to the VOD?

Description

Time

  • Played on: March 15, 2016, 8:48 a.m.
  • Length: 10:35
Show
View Real Time Build Order
Export as new Build Order

Geno Terran - Winner!

Build Orders: Command Center First (CC) 

Get SALT Encoding   

  12  0:02  SCV  
  13  0:14  SCV  
  13  0:20  Supply Depot  
  14  0:26  SCV  
  15  0:42  SCV  
  16  0:54  SCV  
  17  1:02  Command Center  
  17  1:10  SCV  
  18  1:22  Barracks  
  18  1:27  Barracks  
  18  1:32  SCV  
  18  1:36  Refinery  
  19  1:43  Supply Depot  
  19  1:45  SCV  
  20  2:01  SCV  
  21  2:17  Orbital Command x2  
  21  2:20  Marine  
  21  2:21  Marine  
  23  2:36  Refinery  
  23  2:43  SCV  
  24  2:45  Barracks Reactor  
  24  2:51  Refinery  
  24  2:57  Reaper  
  25  3:07  SCV x2  
  25  3:09  Supply Depot  
  27  3:19  Barracks  
  27  3:23  SCV x2  
  27  3:24  Reaper x2  
  30  3:29  Reaper  
  30  3:30  Refinery  
  31  3:40  SCV x2  
  33  3:49  Engineering Bay  
  33  3:52  SCV x2  
  33  3:53  Factory  
  35  4:00  Reaper x2, Supply Depot  
  35  4:01  Reaper  
  38  4:04  SCV  
  39  4:14  Barracks Reactor  
  39  4:26  SCV x2  
  39  4:30  Terran Infantry Weapons Level 1  
  41  4:32  Reaper x2  
  41  4:36  Reaper  
  45  4:38  SCV x2  
  46  4:50  SCV  
  46  5:04  Reaper x2  
  46  5:07  Reaper x2  
  50  5:13  Reaper  
  49  5:20  Barracks  
  49  5:21  SCV x2, Barracks  
  51  5:23  Barracks  
  51  5:33  SCV x2  
  53  5:36  Reaper  
  53  5:41  Reaper x2  
  53  5:42  Reaper  
  57  5:45  Reaper  
  57  5:46  Supply Depot  
  57  5:47  Starport  
  57  5:48  Supply Depot  
  57  5:49  Engineering Bay  
  54  6:24  Reaper  
  54  6:25  Reaper x2  
  57  6:27  Barracks Reactor x3  
  57  6:28  Barracks Reactor  
  57  6:33  SCV  
  57  6:39  Command Center  
  58  6:46  Reaper  
  59  6:48  SCV  
  59  6:49  SCV  
  61  6:54  Starport Reactor  
  61  6:56  Terran Infantry Armor Level 1  
  61  6:59  Armory  
  61  7:00  SCV  
  62  7:08  Reaper x5  
  66  7:09  Reaper x2  
  66  7:12  SCV  
  70  7:17  Supply Depot  
  68  7:55  Reaper x7  
  68  7:56  Reaper x2  
  77  8:00  Supply Depot  
  77  8:03  Orbital Command  
  77  8:06  SCV x2  
  77  8:08  Reaper x2  
  77  8:09  Reaper  
  77  8:11  Command Center  
  82  8:22  Supply Depot  
  82  8:23  SCV x2  
  82  8:27  Reaper x4  
  88  8:35  SCV x2, Missile Turret  
  88  8:39  SCV  
  91  8:47  SCV  
  92  8:51  SCV  
  92  8:54  Missile Turret  
  90  9:12  Reaper  
  90  9:13  Reaper x8  
  99  9:20  Reaper  
  99  9:21  Reaper x2  
  102  9:24  Refinery  
  102  9:25  Refinery  
  102  9:35  Orbital Command  
  102  9:39  Refinery  
  102  9:44  Reaper  
  103  9:47  Supply Depot  
  103  9:48  Supply Depot  
  103  9:49  Supply Depot  
  103  10:00  Reaper x6  
  103  10:03  Command Center  
Show
View Real Time Build Order
Export as new Build Order

Miltreta Terran 

Build Orders:  

Get SALT Encoding   

  12  0:00  SCV  
  13  0:15  Supply Depot  
  13  0:17  SCV  
  14  0:26  Refinery  
  14  0:29  SCV  
  15  0:45  Barracks  
  15  0:46  SCV  
  16  0:59  SCV  
  17  1:11  SCV  
  18  1:23  SCV  
  19  1:33  Reaper  
  19  1:36  SCV  
  19  1:38  Refinery  
  21  1:48  SCV  
  22  2:02  SCV  
  22  2:03  Command Center  
  23  2:19  Supply Depot x2  
  23  2:40  Reaper  
  23  2:42  Barracks  
  24  2:48  Barracks  
  24  3:06  Factory  
  23  3:26  SCV  
  24  3:38  SCV  
  25  3:47  Barracks Tech Lab  
  25  3:48  Barracks Reactor x2  
  25  3:49  Bunker  
  25  3:50  Factory Tech Lab  
  25  4:02  SCV  
  26  4:03  Engineering Bay  
  26  4:04  Orbital Command  
  26  4:13  Marauder  
  26  4:14  Stimpack  
  28  4:22  SCV, Starport  
  29  4:28  Marine x2  
  29  4:31  Marine  
  32  4:43  SCV  
  32  4:44  SCV  
  30  5:04  Marine x2  
  31  5:19  Widow Mine  
  33  5:28  SCV x2  
  35  5:34  Marine x4  
  39  5:36  Marauder  
  39  5:39  Medivac  
  43  5:47  SCV x2  
  43  5:48  Widow Mine  
  41  6:25  SCV x2  
  42  6:34  Widow Mine  
  42  6:36  Marine x2  
  42  6:37  Marine x2  
  42  6:39  Marauder  
  50  6:48  SCV x2  
  52  7:00  Barracks  
  52  7:01  Barracks  
  52  7:02  Barracks x2  
  52  7:03  Starport Reactor  
  52  7:19  Supply Depot  
  52  7:21  Supply Depot  
  52  7:22  Supply Depot  
  52  7:23  Supply Depot  
  52  7:25  Siege Tank  
  30  7:47  Marine x2  
  30  7:48  Marine  
  32  7:59  SCV  
  32  8:00  SCV  
  34  8:08  Marine x3  
  34  8:09  Marine  
  38  8:37  Medivac x2  
  42  8:42  SCV  
  42  8:43  SCV, Starport  
  44  8:51  Bunker  
  44  8:53  Marine x4  
  33  9:39  Marine x2  
  33  9:40  Marine  
  33  9:41  Marine  
  37  9:51  Siege Tank  
Tags
 
Add a new tag
Caveats
  • Supply blocks, unpowered buildings, or Contaminate may cause inaccurate times.
  • Supply counts are checked every 10 seconds.